 Dungeon Crawl Stone Soup version 0.24-a0-160-gfa3a8d6 (console) character file.

Game seed: 17901304413450928922

215 Duffy the Chopper (level 5, -2/45 HPs)
             Began as a Naga Gladiator on Mar 5, 2019.
             Slain by Grinder (4 damage)
             ... on level 3 of the Dungeon.
             The game lasted 00:03:17 (3216 turns).

Duffy the Chopper (Naga Gladiator)                  Turns: 3216, Time: 00:03:18

Health: -2/45      AC:  5    Str: 16    XL:     5   Next: 92%
Magic:  5/5        EV:  7    Int: 10    God:
Gold:   129        SH:  7    Dex: 12    Spells: 4/4 levels left

rFire    . . .     SeeInvis +   a - +0 war axe
rCold    . . .     Gourm    .   m - +0 shield
rNeg     . . .     Faith    .   t - +1 animal skin
rPois    +         Spirit   .   c - +0 helmet
rElec    .         Reflect  .   (no cloak)
rCorr    .         Harm     .   s - +0 pair of gloves
MR       .....                  (no barding)
Stlth    +.........             (no amulet)
HPRegen  0.15/turn              k - +3 ring of slaying
MPRegen  0.09/turn              (no ring)

@: very slow
A: large, see invisible, deformed body, poison resistance, slowness 2, slow
metabolism 1, spit poison 1, AC +1
a: Spit Poison


You were on level 3 of the Dungeon.
You were hungry.

You visited 1 branch of the dungeon, and saw 4 of its levels.

You collected 129 gold pieces.

Inventory:

Hand Weapons
 a - a +0 war axe (weapon)
Missiles
 d - 3 throwing nets (quivered)
Armour
 c - a +0 helmet (worn)
 m - a +0 shield (worn)
 s - a +0 pair of gloves (worn)
 t - a +1 animal skin (worn)
Jewellery
 k - a +3 ring of slaying (left hand)
Wands
 g - a wand of flame (16)
Scrolls
 e - 2 scrolls of remove curse {unknown}
 h - 2 scrolls of identify {unknown}
 j - a scroll of teleportation {unknown}
 l - a scroll of magic mapping {unknown}
Potions
 i - a potion of degeneration {unknown}
 n - a potion of might {unknown}
 o - a potion of magic {unknown}
 p - 2 potions of brilliance {unknown}
 q - 2 potions of mutation {unknown}
 r - a potion of curing {unknown}
Comestibles
 f - 4 rations


   Skills:
 - Level 2.0 Fighting
 + Level 6.4 Axes
 - Level 1.7 Throwing
 - Level 2.4 Dodging


You had 4 spell levels left.
You didn't know any spells.
Your spell library was empty.

Dungeon Overview and Level Annotations

Branches:
Dungeon (4/15)
 Temple: D:4-7

Altars:
Gozag
Kikubaaqudgha
Ru

Annotations:
D:3 Grinder


Innate Abilities, Weirdness & Mutations

You cannot wear boots.
Your serpentine skin is tough. (AC +1)
You have supernaturally acute eyesight. (SInv)
Armour fits poorly on your strangely shaped body.
Your system is resistant to poisons. (rPois)
You cover ground very slowly.
You have a slow metabolism.
You can spit poison.


Message History

Grinder hits you!
You writhe in agony.
You are too injured to fight recklessly!
You are too injured to fight recklessly!
You are too injured to fight recklessly!
You are too injured to fight recklessly!
You are too injured to fight recklessly!
You are too injured to fight recklessly!
You are too injured to fight recklessly!
You are too injured to fight recklessly!
You are too injured to fight recklessly!
You are too injured to fight recklessly!
You are too injured to fight recklessly!
You are too injured to fight recklessly!
Grinder barely misses you.
All of the chunks of flesh in your inventory have rotted away.
There is a stone staircase leading down here.
You slash Grinder!
Grinder is heavily wounded.
Grinder hits you.
You writhe in agony.
You die...

......................#.......
......................#.####.#
......................#.# .
#..............#........#
#....####......#......######..
.....# #.....##..............
.... .....##...##......... .
..........#.......... .
#....@.'.......... .
#.....5#....###?.#
#......##+### .# #......# .
#..)....... !............#
......####.....# ......
####### ......


You could see Grinder.

Vanquished Creatures
  Natasha (twice) (D:2)
  Robin (D:3)
  4 adders
  2 oozes (D:1)
  2 worms
  4 dart slugs
  5 orcs
  A bat zombie (D:2)
  6 giant cockroaches
  12 goblins
  12 hobgoblins
  8 jackals (D:1)
  2 kobolds
  5 quokkas
  3 ball pythons
  5 bats
  A frilled lizard (D:1)
  6 rats
  2 rat zombies (D:2)
83 creatures vanquished.

Notes
Turn   | Place    | Note
-------+----------+-------------------------------------------
     0 | D:1      | Duffy the Naga Gladiator began the quest for the Orb.
     0 | D:1      | Reached XP level 1. HP: 19/19 MP: 1/1
   226 | D:1      | Reached XP level 2. HP: 26/26 MP: 2/2
   531 | D:1      | Reached skill level 4 in Axes
   653 | D:1      | Reached XP level 3. HP: 32/32 MP: 3/3
  1566 | D:2      | Noticed Natasha
  1572 | D:2      | Reached XP level 4. HP: 30/39 MP: 4/4
  1578 | D:2      | Killed Natasha
  1578 | D:2      | Reached skill level 5 in Axes
  1832 | D:2      | Found an opulent altar of Gozag.
  1975 | D:2      | Noticed Natasha
  1982 | D:2      | Killed Natasha
  1982 | D:2      | Reached XP level 5. HP: 21/45 MP: 5/5
  2247 | D:2      | Found a sacrificial altar of Ru.
  2438 | D:2      | Found an ancient bone altar of Kikubaaqudgha.
  2734 | D:3      | Noticed Robin
  2744 | D:3      | Killed Robin
  2744 | D:3      | Reached skill level 6 in Axes
  2935 | D:3      | Noticed Grinder
  2938 | D:3      | Paralysed by Grinder for 3 turns
  2955 | D:3      | Paralysed by Grinder for 2 turns
  2963 | D:3      | Paralysed by Grinder for 7 turns
  3216 | D:3      | HP: 2/45 [Grinder (4)]
  3216 | D:3      | Slain by Grinder

Levels and vault maps discovered:
D:1:      dpeg_arrival_prison, layout_basic, grunt_decor_cap
D:2:      layout_loops_corners, lemuel_zombie_altar_kikubaaqudgha,
          nicolae_gozag_seed_capital, minivault_19, st_stairs_6,
          kennysheep_another_room, nicolae_ru_sacrificial_ziggurat, uniq_natasha
D:3:      layout_basic, uniq_crazy_yiuf_cottage, uniq_grinder, uniq_robin
D:4:      minmay_octagon_keep, layout_basic, first_ration, uniq_pikel

Skill      XL: |  1  2  3  4  5 |
---------------+----------------+-----
Axes           | 4 5 6 |  6.4
Fighting       | |  2.0
Throwing       | |  1.7
Dodging        | |  2.4

Action                   |  1- 3 |  4- 6 || total
-------------------------+-------+-------++-------
Melee: War axe           |   108 |    89 ||   197
 Abil: Spit Poison       |     1 |     2 ||     3
 Stab: Sleeping          |     1 |     1 ||     2
  Eat: Chunk             |     1 |     4 ||     5
Armor: Leather armour    |    56 |    22 ||    78
       Animal skin       |       |    16 ||    16
Dodge: Dodged            |    88 |    34 ||   122
Block: Shield            |    20 |    29 ||    49

Table legend:
 A = Non-vault XP
 B = Vault XP
 C = Vault XP percentage of total XP
 D = Non-vault monster count
 E = Vault monster count
 F = Vault count percentage of total count
                 A         B        C        D         E       F
            +---------+---------+-------+---------+---------+-------
      Total |     229 |      79 |  25.6 |      65 |      18 |  21.7
            +---------+---------+-------+---------+---------+-------
        D:1 |      65 |       4 |   5.8 |      30 |       2 |   6.2
        D:2 |     109 |      40 |  26.8 |      17 |       5 |  22.7
        D:3 |      44 |      35 |  44.3 |      15 |      11 |  42.3
        D:4 |      11 |       0 |   0.0 |       3 |       0 |   0.0
            +---------+---------+-------+---------+---------+-------
